[Event "Titled Tuesday Blitz July 27 2021"]
[White "Sapunov, Evgeny"]
[Black "Yilmaz, Mustafa"]
[WhiteFideId "4126661"]
[BlackFideId "6302718"]
[WhiteElo "2470"]
[BlackElo "2518"]
[Result "1-0"]
[Round "06"]
[TimeControl "180+1"]
[Date "2021.07.27"]
[WhiteClock "0:01:15"]
[BlackClock "0:00:11"]

1. c4 e5 2. Nf3 Nc6 3. Nc3 g6 4. d4 exd4 5. Nxd4 Bg7 6. Nxc6 bxc6 7. g3 Ne7 8. Bg2 O-O 9. O-O Rb8 10. Qa4 d6 11. c5 Be6 12. cxd6 cxd6 13. Qxa7 d5 14. Bg5 f6 15. Be3 Nf5 16. Bc5 Rf7 17. Qa4 Bd7 18. b4 Bf8 19. Bxf8 Qxf8 20. Rab1 d4 21. Ne4 c5 22. Nxf6+ Rxf6 23. Qxd7 cxb4 24. Be4 Nd6 25. Bd3 Rd8 26. Qc6 Kh8 27. Qc5 Nf5 28. Qxb4 Qxb4 29. Rxb4 Ra8 30. a4 Ra5 31. Bxf5 Rfxf5 32. Rxd4 Rfe5 33. e3 Re7 34. Rfd1 1-0


[Site "https://www.chess.com"]

[Event "Titled Tuesday Blitz July 27 2021"]
[White "Sarana, Alexey"]
[Black "Mekhitarian, Krikor Sevag"]
[WhiteFideId "24133795"]
[BlackFideId "2107660"]
[WhiteElo "2646"]
[BlackElo "2598"]
[Result "1-0"]
[Round "06"]
[TimeControl "180+1"]
[Date "2021.07.27"]
[WhiteClock "0:01:15"]
[BlackClock "0:00:11"]

1. d4 Nf6 2. c4 e6 3. Nf3 b6 4. g3 Bb7 5. Bg2 Bb4+ 6. Bd2 Bxd2+ 7. Qxd2 d6 8. Nc3 Ne4 9. Qf4 f5 10. Ng5 Qe7 11. Ngxe4 fxe4 12. Bxe4 Bxe4 13. Qxe4 c6 14. Qf3 Qf6 15. Qxf6 gxf6 16. h4 h5 17. e3 Ke7 18. Ne2 e5 19. O-O-O Na6 20. Rd2 Nc7 21. Rhd1 Rad8 22. Nc3 Rhg8 23. Ne4 d5 24. cxd5 cxd5 25. Nc3 e4 26. Ne2 Ne6 27. Rc2 Rc8 28. Rd2 Kd6 29. Kd1 Rxc2 30. Rxc2 f5 31. a4 a5 32. Nc3 Rf8 33. Kc1 Ra8 34. Kb1 Rg8 35. Ka2 Ra8 36. Ka3 Nc7 37. Nb5+ Nxb5+ 38. axb5 Kd7 39. Rc6 Rc8 40. Rf6 Rc2 41. Rxf5 Ke6 42. Rf4 Ke7 43. Kb3 Re2 44. g4 hxg4 45. h5 Re1 46. Rxg4 Rh1 47. Rg5 Ke6 48. Rg6+ Ke7 49. h6 Kf7 50. Rxb6 1-0


[Site "https://www.chess.com"]

[Event "Titled Tuesday Blitz July 27 2021"]
[White "Shtyka, Sergey"]
[Black "Krysa, Leandro"]
[WhiteFideId "4138465"]
[BlackFideId "116807"]
[WhiteElo "2064"]
[BlackElo "2490"]
[Result "0-1"]
[Round "06"]
[TimeControl "180+1"]
[Date "2021.07.27"]
[WhiteClock "0:00:01"]
[BlackClock "0:01:14"]

1. e4 c5 2. Nf3 e6 3. d4 cxd4 4. Nxd4 a6 5. Nc3 b5 6. a3 Bb7 7. Bd3 d6 8. Be3 Nf6 9. O-O Nbd7 10. f4 Be7 11. Qf3 O-O 12. Rae1 Nc5 13. Kh1 Rc8 14. Bf2 d5 15. exd5 Nxd3 16. Qxd3 Nxd5 17. Nxd5 Qxd5 18. Qg3 Bh4 19. Qf3 Qxd4 20. Qxb7 Bxf2 21. Rd1 Qb6 22. Qf3 Rxc2 23. f5 exf5 24. Qxf5 Qg6 25. Qd7 Bc5 26. Qd5 h6 27. Rfe1 Rxb2 28. Rd3 Bd6 29. Qxd6 Qxg2# 0-1


[Site "https://www.chess.com"]

[Event "Titled Tuesday Blitz July 27 2021"]
[White "Sliwicki, Damian"]
[Black "Dowgird, Filip"]
[WhiteFideId "1127128"]
[BlackFideId "1121235"]
[WhiteElo "2149"]
[BlackElo "2209"]
[Result "1-0"]
[Round "06"]
[TimeControl "180+1"]
[Date "2021.07.27"]
[WhiteClock "0:00:13"]
[BlackClock "0:00:16"]

1. e4 d6 2. d4 Nf6 3. Nc3 c6 4. Bg5 Qb6 5. Qd2 Qxb2 6. Rb1 Qa3 7. Bc4 Nbd7 8. Nf3 e6 9. O-O b5 10. Bxb5 Nxe4 11. Nxe4 cxb5 12. Rxb5 Qxa2 13. Ne5 f6 14. Ra5 Qb2 15. Nc4 Qb8 16. Bf4 e5 17. dxe5 dxe5 18. Ned6+ Bxd6 19. Nxd6+ Ke7 20. Nf5+ Kf7 21. Rb5 Qc7 22. Qd5+ Kg6 23. Ne7+ Kh5 24. Qf3+ 1-0


[Site "https://www.chess.com"]

[Event "Titled Tuesday Blitz July 27 2021"]
[White "Srihari L R"]
[Black "Pelopidass"]
[WhiteFideId "46617116"]
[WhiteElo "2121"]
[BlackElo "2579"]
[Result "1-0"]
[Round "06"]
[TimeControl "180+1"]
[Date "2021.07.27"]
[WhiteClock "0:00:20"]
[BlackClock "0:00:07"]

1. Nf3 Nf6 2. g3 g6 3. Bg2 Bg7 4. O-O O-O 5. d3 d5 6. Nbd2 Nc6 7. c3 Bg4 8. h3 Bxf3 9. Bxf3 Qd7 10. Bg2 e5 11. e4 dxe4 12. Nxe4 Nxe4 13. dxe4 Qxd1 14. Rxd1 Rfd8 15. Be3 b6 16. Bf1 Rxd1 17. Rxd1 Rd8 18. Rxd8+ Nxd8 19. a4 Bf8 20. Bc4 Kg7 21. Kf1 Bc5 22. Bxc5 bxc5 23. Ba6 f5 24. exf5 gxf5 25. Ke2 Nf7 26. Kd3 Nd6 27. b4 cxb4 28. cxb4 Kf6 29. Ke3 Ke6 30. g4 Kd5 31. f3 h6 32. h4 Ke6 33. Bd3 Kf6 34. gxf5 Nxf5+ 35. Bxf5 Kxf5 36. b5 h5 37. a5 Kf6 38. Ke4 Ke6 39. f4 exf4 40. Kxf4 Kd6 41. Kg5 Kc5 42. Kxh5 Kxb5 43. Kg4 c5 44. Kf3 Kb4 45. h5 c4 46. Ke2 Kb3 47. h6 c3 48. h7 c2 49. Kd2 1-0


[Site "https://www.chess.com"]

[Event "Titled Tuesday Blitz July 27 2021"]
[White "Stoyanov, Tsvetan"]
[Black "Jian, Alex"]
[WhiteFideId "2917173"]
[BlackFideId "30901022"]
[WhiteElo "2198"]
[BlackElo "2111"]
[Result "1-0"]
[Round "06"]
[TimeControl "180+1"]
[Date "2021.07.27"]
[WhiteClock "0:00:09"]
[BlackClock "0:00:01"]

1. c4 e6 2. Nc3 d5 3. d4 Nf6 4. cxd5 Nxd5 5. e4 Nxc3 6. bxc3 c5 7. Nf3 cxd4 8. cxd4 Bb4+ 9. Bd2 Bxd2+ 10. Qxd2 O-O 11. Bc4 Nd7 12. O-O b6 13. Rfe1 Bb7 14. Rad1 Nf6 15. Qf4 Rc8 16. Bb3 Qc7 17. Qh4 h6 18. d5 exd5 19. exd5 Qd6 20. Nd4 Qb4 21. Qg3 Rc3 22. Qe5 Re8 23. Qxe8+ Nxe8 24. Rxe8+ Kh7 25. h3 a5 26. d6 Qxd6 27. Bxf7 Rc8 28. Re6 Qd7 29. Bg6+ Kh8 30. Bf5 Qd5 31. Be4 Qxe4 32. Rxe4 Bxe4 33. Re1 Bd5 34. Rb1 Rb8 35. a4 Be4 36. Rb2 Bg6 37. Nc6 Rb7 38. Nxa5 Ra7 39. Nc4 Rxa4 40. Nxb6 Ra1+ 41. Kh2 Kh7 42. Nc4 Rb1 43. Rd2 Rc1 44. Ne5 Rc2 45. Rd6 Be4 46. Kg3 Bf5 47. Nf3 Rc3 48. Kf4 Bg6 49. Ne5 Be8 50. h4 Ra3 51. g4 Ra4+ 52. Kg3 Ra3+ 53. f3 Rc3 54. h5 Re3 55. Kf4 Ra3 56. Rd8 Ra4+ 57. Kg3 Bb5 58. Ng6 Be8 59. Rxe8 1-0


[Site "https://www.chess.com"]

[Event "Titled Tuesday Blitz July 27 2021"]
[White "Swicarz, Maciej"]
[Black "Ulko, Jaroslav"]
[WhiteFideId "1113585"]
[BlackFideId "4116658"]
[WhiteElo "2199"]
[BlackElo "2304"]
[Result "0-1"]
[Round "06"]
[TimeControl "180+1"]
[Date "2021.07.27"]
[WhiteClock "0:02:13"]
[BlackClock "0:01:01"]

1. c4 g6 2. Nc3 Bg7 3. d4 Nf6 4. e4 d6 5. Nge2 O-O 6. Ng3 c5 7. d5 e6 8. Be2 exd5 9. cxd5 a6 10. a4 Re8 11. O-O Nbd7 12. a5 Rb8 13. Kh1 b5 14. axb6 Qxb6 15. f4 h5 16. Bf3 c4 17. Qe2 h4 18. Qxc4 hxg3 19. hxg3 Qb4 20. Qd3 Nc5 21. Qc2 Nfxe4 22. Bxe4 Nxe4 23. Ra4 Nxg3+ 24. Kg1 Bd4+ 0-1


[Site "https://www.chess.com"]

[Event "Titled Tuesday Blitz July 27 2021"]
[White "Tanenbaum, Zachary"]
[Black "Mezentsev, Ivan"]
[WhiteFideId "2060850"]
[BlackFideId "13706195"]
[WhiteElo "2165"]
[BlackElo "2295"]
[Result "0-1"]
[Round "06"]
[TimeControl "180+1"]
[Date "2021.07.27"]
[WhiteClock "0:00:02"]
[BlackClock "0:00:20"]

1. e4 c5 2. Nf3 e6 3. d4 cxd4 4. Nxd4 a6 5. Bd3 Nf6 6. O-O Qc7 7. Nc3 Bc5 8. Nb3 Ba7 9. Qe2 h5 10. h3 Nc6 11. Be3 Bxe3 12. Qxe3 d6 13. Qg3 Kf8 14. f4 b5 15. Rae1 h4 16. Qf3 Bb7 17. f5 e5 18. Nd5 Nxd5 19. exd5 Nb4 20. f6 g6 21. Be4 a5 22. a3 Na6 23. Qd3 a4 24. Nd2 Nc5 25. Qe3 Rc8 26. Kh1 Nd7 27. Nf3 Qc5 28. Qg5 Bxd5 29. Nxh4 Bxe4 30. Rxe4 Qxc2 31. Nxg6+ fxg6 32. Qxg6 Rg8 33. Qh6+ Kf7 34. Qh7+ Ke6 35. Rg1 Nxf6 36. Rxe5+ dxe5 37. Qh4 Rh8 38. Qg3 Rcg8 39. Qf3 Qe4 40. Qc3 Ng4 41. Re1 Nf2+ 42. Kg1 Qxg2# 0-1


[Site "https://www.chess.com"]

[Event "Titled Tuesday Blitz July 27 2021"]
[White "Tokman, Ariel"]
[Black "Gelman, Alexander"]
[WhiteFideId "117420"]
[BlackFideId "4118316"]
[WhiteElo "2345"]
[BlackElo "2375"]
[Result "1-0"]
[Round "06"]
[TimeControl "180+1"]
[Date "2021.07.27"]
[WhiteClock "0:00:18"]
[BlackClock "0:00:28"]

1. c4 Nf6 2. g3 c5 3. Nc3 e6 4. Bg2 Be7 5. e4 Nc6 6. Nge2 O-O 7. O-O d6 8. d3 a6 9. h3 Rb8 10. a4 b6 11. Be3 Bb7 12. f4 Nd7 13. Qd2 Bf6 14. g4 h6 15. Ng3 Bd4 16. Rae1 Bxe3+ 17. Qxe3 Nd4 18. Qf2 Ba8 19. Nce2 Nxe2+ 20. Rxe2 b5 21. axb5 axb5 22. b3 bxc4 23. bxc4 Rb3 24. Re3 Qh4 25. f5 Nf6 26. Ra1 Bc6 27. fxe6 fxe6 28. Rf3 Bd7 29. Rf1 Rbb8 30. e5 dxe5 31. Qxc5 Qg5 32. Qe3 Qxe3+ 33. Rxe3 Rb3 34. Ne4 Nxe4 35. Rxf8+ Kxf8 36. Bxe4 Ke7 37. Re2 Kd6 38. Kf2 Rb1 39. Ra2 Rb6 40. Ra7 g5 41. c5+ Kxc5 42. Rxd7 1-0


[Site "https://www.chess.com"]

[Event "Titled Tuesday Blitz July 27 2021"]
[White "Tologon tegin, Semetei"]
[Black "Araujo Sanchez, Josue"]
[WhiteFideId "13800574"]
[BlackFideId "6416896"]
[WhiteElo "2224"]
[BlackElo "2181"]
[Result "0-1"]
[Round "06"]
[TimeControl "180+1"]
[Date "2021.07.27"]
[WhiteClock "0:01:13"]
[BlackClock "0:01:57"]

1. e4 c5 2. Nc3 d6 3. g3 Nc6 4. Bg2 g6 5. d3 Bg7 6. f4 e6 7. Nf3 Nge7 8. O-O Rb8 9. a4 O-O 10. Ne2 d5 11. c3 b6 12. Qc2 Ba6 13. Rd1 Rc8 14. Be3 Qd7 15. Bf2 Rfd8 16. g4 dxe4 17. dxe4 Bd3 18. Qb3 Qc7 19. Rxd3 Rxd3 20. e5 Rcd8 21. Qc2 R3d7 22. Bh4 Na5 23. b3 c4 24. b4 Nb3 25. Ned4 Nxa1 0-1


[Site "https://www.chess.com"]

[Event "Titled Tuesday Blitz July 27 2021"]
[White "Trent, Lawrence"]
[Black "Gabrielian, Artur"]
[WhiteFideId "408638"]
[BlackFideId "4131002"]
[WhiteElo "2474"]
[BlackElo "2523"]
[Result "0-1"]
[Round "06"]
[TimeControl "180+1"]
[Date "2021.07.27"]
[WhiteClock "0:00:10"]
[BlackClock "0:00:17"]

1. d4 Nf6 2. Bg5 g6 3. Bxf6 exf6 4. h4 c5 5. h5 cxd4 6. Qxd4 Nc6 7. Qd2 d5 8. e3 d4 9. Nf3 Qb6 10. Nxd4 Qxb2 11. Nb3 Be6 12. Qc1 Qe5 13. N1d2 O-O-O 14. Bd3 gxh5 15. Nf3 Bb4+ 16. Kf1 Qc3 17. Rb1 Bg4 18. Nbd4 Ne5 19. Rb3 Qc5 20. a3 Nxd3 21. Rxd3 Bc3 22. Qb1 Kb8 23. Qb3 Rc8 24. Nb5 Ba5 25. Nfd4 a6 26. a4 axb5 27. axb5 Rhd8 28. Qxf7 Bd7 29. Qxf6 Bxb5 30. Nxb5 Qxb5 31. Qf4+ Bc7 32. Qe4 Rxd3 33. Qxd3 Qb1+ 34. Ke2 Qxh1 0-1


[Site "https://www.chess.com"]

[Event "Titled Tuesday Blitz July 27 2021"]
[White "Tsaruk, Maksim"]
[Black "Nabaty, Tamir"]
[WhiteFideId "13511173"]
[BlackFideId "2809052"]
[WhiteElo "2184"]
[BlackElo "2627"]
[Result "1-0"]
[Round "06"]
[TimeControl "180+1"]
[Date "2021.07.27"]
[WhiteClock "0:00:21"]
[BlackClock "0:00:46"]

1. d4 Nf6 2. Nf3 b6 3. Bf4 Bb7 4. e3 g6 5. h3 Bg7 6. c3 O-O 7. Be2 d5 8. O-O c5 9. a4 Nc6 10. Nbd2 Nd7 11. Qc2 e5 12. dxe5 Ndxe5 13. Nxe5 Bxe5 14. Bxe5 Nxe5 15. Nf3 Nd7 16. Rfd1 Nf6 17. a5 Qe7 18. Qa4 Rad8 19. axb6 axb6 20. Qb5 Qc7 21. Ra7 Ra8 22. Rda1 Bc6 23. Qa6 Bb7 24. Qb5 Rxa7 25. Rxa7 Ra8 26. Rxa8+ Bxa8 27. Qa4 Bb7 28. Ba6 Bc6 29. Bb5 Bxb5 30. Qxb5 Kg7 31. Nd2 Ne8 32. Qxe8 Qd6 33. g3 h5 34. h4 Kf6 35. Nf3 Qc7 36. Qh8+ Kf5 37. Kg2 Ke4 38. Qf6 Kd3 39. Ne5+ Kc2 40. Nxf7 Qb7 41. Qxg6+ Kxb2 42. Nd6 Qa8 43. Qd3 d4+ 44. Ne4 dxe3 45. Qxe3 Qa4 46. Qf3 Qc4 47. g4 hxg4 48. Qxg4 b5 49. h5 b4 50. cxb4 cxb4 51. h6 b3 52. h7 Qd4 53. Qh4 Qg7+ 54. Kh2 Qe5+ 55. f4 Qxe4 56. h8=Q+ Kb1 57. Qf2 1-0


[Site "https://www.chess.com"]

[Event "Titled Tuesday Blitz July 27 2021"]
[White "Urazayev, Arystanbek"]
[Black "Zubov, Alexander"]
[WhiteFideId "13709810"]
[BlackFideId "14109409"]
[WhiteElo "2321"]
[BlackElo "2740"]
[Result "0-1"]
[Round "06"]
[TimeControl "180+1"]
[Date "2021.07.27"]
[WhiteClock "0:00:03"]
[BlackClock "0:00:21"]

1. e4 c5 2. Nf3 e6 3. c3 Nf6 4. e5 Nd5 5. d4 cxd4 6. cxd4 d6 7. Bc4 Nc6 8. O-O Be7 9. Bd2 O-O 10. Nc3 Nb6 11. Bb3 Na5 12. Qe2 Nxb3 13. axb3 Bd7 14. Rfe1 Bc6 15. Ne4 Nd5 16. exd6 Bxd6 17. Ne5 Ne7 18. Bg5 f6 19. Nc4 Bc7 20. Bd2 Nf5 21. Bc3 Nxd4 22. Qd1 e5 23. f3 Qd5 24. Ne3 Qf7 25. Bxd4 Rfd8 26. Nf5 exd4 27. Neg3 Rd7 28. Qd3 a6 29. b4 Re8 30. Rxe8+ Qxe8 31. Qd2 d3 32. Re1 Qf7 33. Ne4 Rd5 34. Ne3 Bb6 35. Nc3 Rd8 36. Kh1 Bxe3 37. Rxe3 Qc4 38. Qe1 d2 39. Qd1 Qxb4 40. Re2 Qxb2 41. Nb1 Qxb1 0-1


[Site "https://www.chess.com"]

[Event "Titled Tuesday Blitz July 27 2021"]
[White "ValeriyGrinev"]
[Black "Buscar, Michael"]
[BlackFideId "2603616"]
[WhiteElo "2603"]
[BlackElo "2010"]
[Result "1-0"]
[Round "06"]
[TimeControl "180+1"]
[Date "2021.07.27"]
[WhiteClock "0:01:09"]
[BlackClock "0:00:01"]

1. d4 Nf6 2. c4 e6 3. g3 c5 4. Nf3 cxd4 5. Nxd4 Bc5 6. Bg2 O-O 7. O-O Nc6 8. Nb3 Be7 9. Nc3 d6 10. Bf4 e5 11. Bg5 Be6 12. Bxf6 Bxf6 13. Nd5 Rc8 14. Rc1 Bg5 15. e3 Na5 16. Nxa5 Qxa5 17. Qb3 b6 18. h4 Bxd5 19. Bxd5 Be7 20. Rfd1 Kh8 21. e4 Qc5 22. Qf3 Bd8 23. a3 a5 24. Be6 Rc7 25. Rd5 Qc6 26. Bh3 Be7 27. Qb3 Bd8 28. Qd3 Be7 29. b3 Rb8 30. a4 Rf8 31. Rd1 Qb7 32. Qe3 Rc5 33. R5d3 Qc7 34. f3 Qb7 35. Kg2 Qc7 36. h5 Qd8 37. Bf5 Rc6 38. Rh1 Bg5 39. Qf2 Qe7 40. Rd5 Kg8 41. Rb5 Qd8 42. Rd1 Qc7 43. Rbd5 Be7 44. Qd2 Rc5 45. Rd3 Rc6 46. Bh3 Rd8 47. Kf2 Bf8 48. Bf1 Rc5 49. Be2 1-0


[Site "https://www.chess.com"]

[Event "Titled Tuesday Blitz July 27 2021"]
[White "Vokhidov, Shamsiddin"]
[Black "Horobetz, Graham"]
[WhiteFideId "14204223"]
[BlackFideId "2047322"]
[WhiteElo "2572"]
[BlackElo "2624"]
[Result "1-0"]
[Round "06"]
[TimeControl "180+1"]
[Date "2021.07.27"]
[WhiteClock "0:02:15"]
[BlackClock "0:00:09"]

1. e4 c5 2. Nf3 d6 3. d4 cxd4 4. Qxd4 Nc6 5. Bb5 Bd7 6. Bxc6 Bxc6 7. Nc3 e6 8. Bg5 Nf6 9. Bxf6 Qxf6 10. Qe3 Be7 11. h4 h6 12. O-O-O a6 13. g4 g6 14. Nd4 Rc8 15. f4 e5 16. Nxc6 exf4 17. g5 hxg5 18. hxg5 Rxh1 19. Rxh1 Qg7 20. Qd4 Qxd4 21. Nxd4 Bxg5 22. Nf3 Bf6 23. Nd5 Bg7 24. c3 Rc4 25. Re1 Bh6 26. Kc2 Kd7 27. Nb6+ 1-0


[Site "https://www.chess.com"]

[Event "Titled Tuesday Blitz July 27 2021"]
[White "Weetik, Vjacheslav"]
[Black "Horak, Martin"]
[WhiteFideId "4153472"]
[BlackFideId "367095"]
[WhiteElo "2469"]
[BlackElo "1997"]
[Result "1-0"]
[Round "06"]
[TimeControl "180+1"]
[Date "2021.07.27"]
[WhiteClock "0:01:16"]
[BlackClock "0:00:18"]

1. e4 e5 2. f4 d5 3. exd5 exf4 4. Nf3 Nf6 5. Bb5+ c6 6. dxc6 bxc6 7. Bc4 Bd6 8. O-O O-O 9. d4 Bg4 10. Nc3 Nbd7 11. Qd3 Nb6 12. Bb3 Nbd5 13. Ne5 Nb4 14. Qd2 Bxe5 15. dxe5 Nfd5 16. Ne4 f3 17. c4 fxg2 18. Qxg2 Be6 19. cxd5 cxd5 20. Bh6 1-0


[Site "https://www.chess.com"]

[Event "Titled Tuesday Blitz July 27 2021"]
[White "Wong, Yinn Long"]
[Black "Spata, German"]
[WhiteFideId "5707684"]
[BlackFideId "113026"]
[WhiteElo "2016"]
[BlackElo "2238"]
[Result "1-0"]
[Round "06"]
[TimeControl "180+1"]
[Date "2021.07.27"]
[WhiteClock "0:00:24"]
[BlackClock "0:00:02"]

1. Nf3 g6 2. g3 Bg7 3. Bg2 c5 4. O-O Nc6 5. d3 d6 6. c4 e5 7. Nc3 Nge7 8. Ne1 O-O 9. Nc2 Be6 10. Ne3 Qd7 11. Rb1 Bh3 12. a3 Bxg2 13. Kxg2 a5 14. Ned5 Nxd5 15. Nxd5 Ra7 16. f4 Ne7 17. Nc3 exf4 18. Bxf4 d5 19. cxd5 Nxd5 20. Nxd5 Qxd5+ 21. e4 Qd7 22. Qc2 b6 23. Rf3 h6 24. Rbf1 Rd8 25. Bd2 Qe6 26. Bc3 Rad7 27. Bxg7 Kxg7 28. Qc3+ Kg8 29. Rf6 Rxd3 30. Rxe6 Rxc3 31. Rxg6+ fxg6 32. bxc3 Rd2+ 33. Kh3 Rc2 34. Rf6 Kg7 35. Rxb6 Rxc3 36. Rc6 a4 37. Kg4 Rxa3 38. Rxc5 Ra1 39. e5 a3 40. Rc7+ Kf8 41. Ra7 a2 42. h4 Ke8 43. e6 Kf8 44. Rf7+ Ke8 45. Rf2 Ke7 46. Re2 Rf1 47. Rxa2 Kxe6 48. Ra7 Rf6 49. Rg7 Kd6 50. Rh7 h5+ 51. Kg5 Rf3 52. Kxg6 Rxg3+ 53. Kxh5 Ke6 54. Rh6+ Kf7 55. Ra6 Kg7 56. Ra7+ Kh8 57. Ra6 Rg1 58. Ra7 Kg8 59. Kh6 1-0


[Site "https://www.chess.com"]

[Event "Titled Tuesday Blitz July 27 2021"]
[White "Agibileg, Uurtsaikh"]
[Black "Calderon, Zachary"]
[WhiteFideId "4901606"]
[BlackFideId "2076969"]
[WhiteElo "2117"]
[BlackElo "2239"]
[Result "1-0"]
[Round "07"]
[TimeControl "180+1"]
[Date "2021.07.27"]
[WhiteClock "0:00:19"]
[BlackClock "0:00:05"]

1. d4 d5 2. c4 e6 3. Nc3 a6 4. cxd5 exd5 5. Nf3 c6 6. Bf4 Bd6 7. Bxd6 Qxd6 8. e3 Nf6 9. Be2 Bg4 10. O-O Nbd7 11. h3 Bxf3 12. Bxf3 O-O 13. Qc2 Rfe8 14. Na4 Ne4 15. Bxe4 Rxe4 16. Rab1 a5 17. a3 Re6 18. b4 b5 19. Nc5 Nxc5 20. Qxc5 Qxc5 21. bxc5 f5 22. g3 g5 23. Kg2 Kf7 24. Kf3 h5 25. h4 g4+ 26. Ke2 Rae8 27. Kd3 Kg6 28. Rbe1 Rf6 29. Re2 Ref8 30. f3 R8f7 31. Ref2 Rf8 32. Re1 R8f7 33. Rfe2 Rf8 34. Kd2 Re8 35. e4 fxe4 36. fxe4 dxe4 37. Rxe4 Rxe4 38. Rxe4 Kf7 39. Re5 Kg6 40. Re7 Rf3 41. Re6+ Rf6 42. Re8 Rf3 43. Rc8 Rf6 44. Ke3 Rf3+ 45. Ke4 Rxg3 46. Rxc6+ Kf7 47. Rc7+ Ke6 48. d5+ Kf6 49. d6 Rg1 50. d7 Ke7 51. c6 Re1+ 52. Kf4 b4 53. axb4 axb4 54. Rc8 Rd1 55. Re8+ Kf7 56. d8=Q Rxd8 57. Rxd8 b3 58. c7 b2 59. Rb8 Ke7 60. c8=Q b1=Q 61. Rxb1 g3 62. Qc7+ Ke6 63. Rb6+ Kd5 64. Rd6# 1-0


[Site "https://www.chess.com"]

[Event "Titled Tuesday Blitz July 27 2021"]
[White "Aldokhin, Ivan"]
[Black "Subrota, Biswas"]
[WhiteFideId "24115720"]
[BlackFideId "10216200"]
[WhiteElo "2306"]
[BlackElo "2177"]
[Result "0-1"]
[Round "07"]
[TimeControl "180+1"]
[Date "2021.07.27"]
[WhiteClock "0:00:04"]
[BlackClock "0:00:59"]

1. e4 c6 2. Nc3 d5 3. d4 dxe4 4. Nxe4 Nf6 5. Ng5 Bf5 6. N1f3 h6 7. Nxf7 Kxf7 8. Ne5+ Kg8 9. Bc4+ Kh7 10. c3 Nbd7 11. Nf7 Qc7 12. Qf3 e6 13. Bf4 Qb6 14. O-O-O g5 15. Be5 Nxe5 16. dxe5 Nd5 17. Bd3 Bxd3 18. Qxd3+ Kg7 19. Nxh8 Kxh8 20. g4 Bg7 21. h4 Qxf2 22. hxg5 Qf4+ 23. Qd2 Qxd2+ 24. Kxd2 Bxe5 25. Rxh6+ Kg7 26. Rdh1 Bf4+ 27. Kd3 Bxg5 28. Rh7+ Kf6 29. Rxb7 Rd8 30. Ke4 Kg6 31. Rxa7 Nf6+ 32. Kf3 Rd3+ 33. Ke2 Rd2+ 34. Kf3 e5 35. Rb1 e4+ 36. Kg3 Nd5 37. Re1 Bf4+ 0-1


[Site "https://www.chess.com"]

[Event "Titled Tuesday Blitz July 27 2021"]
[White "Amburgy, Ryan"]
[Black "Shevchenko, Kirill"]
[WhiteFideId "30924820"]
[BlackFideId "14129574"]
[WhiteElo "2066"]
[BlackElo "2569"]
[Result "0-1"]
[Round "07"]
[TimeControl "180+1"]
[Date "2021.07.27"]
[WhiteClock "0:00:59"]
[BlackClock "0:02:00"]

1. Nf3 Nf6 2. c4 d6 3. d4 Nbd7 4. Nc3 e5 5. e4 g6 6. h3 Bg7 7. Be3 O-O 8. d5 Nc5 9. Qc2 Nh5 10. b4 Nd7 11. Rb1 f5 12. Bg5 Bf6 13. Bh6 Bg7 14. Bg5 Ndf6 15. Bd3 h6 16. Bxf6 Qxf6 17. exf5 Nf4 18. g4 Nxd3+ 19. Qxd3 gxf5 20. gxf5 Bxf5 0-1


[Site "https://www.chess.com"]

[Event "Titled Tuesday Blitz July 27 2021"]
[White "Andreikin, Dmitry"]
[Black "Perez Ponsa, Federico"]
[WhiteFideId "4158814"]
[BlackFideId "117927"]
[WhiteElo "2782"]
[BlackElo "2672"]
[Result "1-0"]
[Round "07"]
[TimeControl "180+1"]
[Date "2021.07.27"]
[WhiteClock "0:00:42"]
[BlackClock "0:00:02"]

1. Nf3 Nf6 2. c4 e6 3. b3 d5 4. Bb2 c5 5. e3 Nc6 6. cxd5 exd5 7. Bb5 Bd6 8. d4 cxd4 9. Nxd4 O-O 10. Nc3 Ne5 11. Be2 a6 12. O-O Bd7 13. Qd2 Rc8 14. a3 Ne4 15. Nxe4 dxe4 16. Rad1 Qg5 17. f4 Qh4 18. g3 Qh3 19. fxe5 Bxe5 20. Nf5 Bxb2 21. Ne7+ Kh8 22. Qxd7 Qxd7 23. Rxd7 Rc2 24. Rxf7 Re8 25. Bc4 h5 26. Rxb7 Bc1 27. Nd5 Rd8 28. Rxg7 Bxe3+ 29. Nxe3 1-0


[Site "https://www.chess.com"]

[Event "Titled Tuesday Blitz July 27 2021"]
[White "Arakhamia-Grant, Ketevan"]
[Black "Karwowski, Kacper"]
[WhiteFideId "13600168"]
[BlackFideId "1126032"]
[WhiteElo "2177"]
[BlackElo "2162"]
[Result "1-0"]
[Round "07"]
[TimeControl "180+1"]
[Date "2021.07.27"]
[WhiteClock "0:00:17"]
[BlackClock "0:00:02"]

1. e4 c5 2. Nf3 d6 3. Bb5+ Nd7 4. O-O a6 5. Bd3 g6 6. c3 Bg7 7. Bc2 c4 8. b3 cxb3 9. axb3 Ngf6 10. d4 O-O 11. c4 e5 12. Nc3 exd4 13. Nxd4 Ne5 14. Bg5 Qe8 15. Qd2 Rb8 16. Rfe1 Be6 17. f4 Nc6 18. Nxe6 fxe6 19. Qxd6 Rd8 20. Qc7 Rf7 21. Qb6 Ng4 22. e5 Rd2 23. Be4 h6 24. Bxg6 hxg5 25. Bxf7+ Qxf7 26. Ne4 Qxf4 27. Nxd2 Bxe5 28. Nf3 Bxa1 29. Rxa1 Kf7 30. Rf1 Ke7 31. Qxb7+ Kd6 32. Rd1+ Kc5 33. b4+ Nxb4 34. Qe7+ Kc6 35. Qxe6+ Kc5 36. Qe7+ Kc6 37. Nd4+ 1-0


[Site "https://www.chess.com"]

[Event "Titled Tuesday Blitz July 27 2021"]
[White "Bok, Benjamin"]
[Black "Fakhrutdinov, Timur"]
[WhiteFideId "1017063"]
[BlackFideId "24176702"]
[WhiteElo "2658"]
[BlackElo "2405"]
[Result "1-0"]
[Round "07"]
[TimeControl "180+1"]
[Date "2021.07.27"]
[WhiteClock "0:00:17"]
[BlackClock "0:00:01"]

1. d4 Nf6 2. c4 e6 3. Nf3 d5 4. Nc3 dxc4 5. e4 Bb4 6. Bxc4 Nxe4 7. O-O Nxc3 8. bxc3 Bd6 9. Ng5 h6 10. Qh5 O-O 11. Ne4 f5 12. Nxd6 cxd6 13. Re1 d5 14. Bb3 Nc6 15. Re3 Qg5 16. Qe2 Qf6 17. Rg3 Bd7 18. Bf4 Kh7 19. Re1 g5 20. Bd6 Rf7 21. Re3 Na5 22. Be5 Qg6 23. f4 Rc8 24. fxg5 Qxg5 25. Rg3 Qh4 26. Rf1 Nxb3 27. axb3 Rg8 28. Rf4 Qd8 29. Qh5 Be8 30. Rh4 Rf6 31. Rxg8 Kxg8 32. Bxf6 1-0


[Site "https://www.chess.com"]

[Event "Titled Tuesday Blitz July 27 2021"]
[White "Can, Emre"]
[Black "Koridze, Lile"]
[WhiteFideId "6302181"]
[BlackFideId "13612514"]
[WhiteElo "2503"]
[BlackElo "1978"]
[Result "1-0"]
[Round "07"]
[TimeControl "180+1"]
[Date "2021.07.27"]
[WhiteClock "0:00:19"]
[BlackClock "0:01:10"]

1. Nf3 Nf6 2. c4 e6 3. g3 d5 4. d4 Bb4+ 5. Bd2 Be7 6. Bg2 O-O 7. O-O c6 8. Qb3 b6 9. Nc3 Bb7 10. Bf4 Nbd7 11. cxd5 cxd5 12. Nb5 a6 13. Nd6 Bc6 14. Rfc1 Nb8 15. Ne5 Bxd6 16. Nxc6 Nxc6 17. Rxc6 Bxf4 18. gxf4 b5 19. Rac1 Ne4 20. Bxe4 dxe4 21. e3 Qh4 22. Qd1 Rad8 23. Qf1 Rd5 24. Qg2 a5 25. R1c5 Qh5 26. h3 h6 27. Qg4 Qxg4+ 28. hxg4 Rfd8 29. Kg2 Kf8 30. Kg3 Ke7 31. f5 R8d6 32. Rc7+ Kf6 33. fxe6 Rxe6 34. Rxd5 1-0


[Site "https://www.chess.com"]

[Event "Titled Tuesday Blitz July 27 2021"]
[White "Costachi, Mihnea"]
[Black "Gokerkan, Cem Kaan"]
[WhiteFideId "1217518"]
[BlackFideId "6336760"]
[WhiteElo "2545"]
[BlackElo "2737"]
[Result "0-1"]
[Round "07"]
[TimeControl "180+1"]
[Date "2021.07.27"]
[WhiteClock "0:00:06"]
[BlackClock "0:00:27"]

1. d4 Nf6 2. c4 g6 3. Nc3 Bg7 4. e4 O-O 5. Be2 c5 6. d5 e6 7. Nf3 exd5 8. cxd5 Re8 9. Nd2 d6 10. O-O Na6 11. h3 Nc7 12. Re1 Rb8 13. a4 b6 14. Ra3 a6 15. Bf1 b5 16. axb5 axb5 17. Ra7 b4 18. Na4 Bd7 19. b3 Nb5 20. Bxb5 Bxb5 21. Nb2 Re7 22. Rxe7 Qxe7 23. Nbc4 Re8 24. e5 dxe5 25. Rxe5 Qd7 26. Rxe8+ Nxe8 27. Ne4 Bd4 28. Be3 Qxd5 29. Nxc5 Bc6 30. Kf1 Qxg2+ 31. Ke1 Bc3+ 32. Nd2 Qh1+ 33. Ke2 Qxh3 34. Qg1 Qh5+ 35. Ke1 Qd5 36. Qg5 Qxg5 37. Bxg5 Nd6 38. Ke2 h5 39. Nb1 Bd4 40. Nd3 Bb5 41. Bd2 Bc5 42. Bf4 Ne4 43. f3 Nf2 44. Be3 Bxd3+ 45. Kxf2 Bxe3+ 46. Kxe3 Bxb1 0-1


[Site "https://www.chess.com"]